 Dungeon Crawl Stone Soup version 0.31-a0-369-g8eba5f6939 (webtiles) character file.

Game seed: 18347563099727630900

91 lessens the Chopper (level 4, -3/35 HPs)
             Began as a Demonspawn Fighter on July 29, 2023.
             Was an Initiate of Trog.
             Slain by Menkaure (14 damage)
             ... on level 4 of the Dungeon.
             The game lasted 00:01:59 (1745 turns).

lessens the Chopper (Demonspawn Fighter)            Turns: 1745, Time: 00:02:00

Health: -3/35      AC:  6    Str: 18    XL:     4   Next: 34%
Magic:  4/4        EV:  9    Int:  9    God:    Trog [......]
Gold:   73         SH:  4    Dex: 13    Spells: 3/3 levels left

rFire   . . .        a - +0 war axe
rCold   . . .        c - +0 buckler
rNeg    . . .        b - +0 scale mail
rPois   .            (no helmet)
rElec   .            (no cloak)
rCorr   .            (no gloves)
SInv    .            (no boots)
Will    .....        (no amulet) Stlth
                     (no ring)
HPRegen 0.25/turn    (no ring)
MPRegen 0.18/turn

%: no passive effects
@: mighty
A: demonic guardian 1, magic regeneration
a: Renounce Religion


You were on level 4 of the Dungeon.
You worshipped Trog.
Trog was noncommittal.
You visited 2 branches of the dungeon, and saw 5 of its levels.

You collected 73 gold pieces.

Inventory:

Hand Weapons
 a - a +0 war axe (weapon)
Missiles
 e - 29 stones
 j - 6 javelins
Armour
 b - a +0 scale mail (worn)
 c - a +0 buckler (worn)
Scrolls
 g - 3 scrolls of identify {unknown}
 h - a scroll of silence {unknown}
 i - 2 scrolls of teleportation {unknown}
 l - a scroll of acquirement {unknown}
Potions
 f - a potion of enlightenment {unknown}
 k - 4 potions of curing {unknown}


   Skills:
 - Level 3.0 Fighting
 + Level 4.2 Axes
 - Level 2.6 Armour
 - Level 2.6 Shields


You had 3 spell levels left.
You didn't know any spells.
Your spell library was empty.

Dungeon Overview and Level Annotations

Branches:
Dungeon (4/15) Zot: 22242  Temple (1/1) D:4 Zot: 5957

Altars:
Cheibriados
Dithmenos
Fedhas
Kikubaaqudgha
Nemelex Xobeh
Ru
Trog
Uskayaw
Wu Jian
Xom
Yredelemnul

Annotations:
D:4 Menkaure


Innate Abilities, Weirdness & Mutations

A weak demonic guardian rushes to your aid.
You regenerate magic rapidly.


Message History

You slash the jackal!
You kill the jackal!
Trog accepts your kill.
A jackal comes into view.
Found an escape hatch in the ceiling.
The jackal barks!
You see here a jackal corpse.
You closely miss the jackal.
The jackal bites you but does no damage.
The jackal barely misses you.
You barely miss the jackal. You slash the jackal!
You kill the jackal!
Trog accepts your kill.
You slash the jackal!
You kill the jackal!
Trog accepts your kill.
No target in view!
No target in view!
Found a dagger.
There is a stone staircase leading up here.
You climb upwards.
Found 9 gold pieces.
There is a stone staircase leading down here.
You climb downwards.
You hear the hiss of flowing sand.
There is an entrance to an ossuary on this level.
Hurry and find it before the portal is buried!
There is a stone staircase leading up here.
Unknown command.
Unknown command.
Menkaure, Prince of Dust comes into view.
You hear the slow hiss of a very distant avalanche of sand.
Menkaure shouts!
Menkaure calls on the powers of darkness!
Your body is wracked with pain!
You feel very mighty all of a sudden. Menkaure casts a spell at you.
Pain shoots through your body! Menkaure hits you!
You die...

##............##.....
#. ########.##..#
##...... #. #.###...
..)... #. #.## ###.
..... #. #..##
.....#. ##..# .....#.
##.# ....... #.#
#...... #@# .......
#M# ...#... #.# #...
#.# ..... #.# .......
... ....... ##.
...#.>. . ...#...


You could see Menkaure.

Vanquished Creatures
  2 adders (D:2)
  3 worms (D:2)
  4 dart slugs
  A ball python (D:1)
  2 bats (D:1)
  5 endoplasms (D:1)
  3 giant cockroaches (D:1)
  6 hobgoblins
  4 jackals (D:4)
  2 quokkas (D:2)
  4 goblins
  6 kobolds
  4 rats
46 creatures vanquished.

Vanquished Creatures (collateral kills)
  A bat (D:1)
  A hobgoblin (D:1)
  A kobold (D:1)
3 creatures vanquished.

Grand Total: 49 creatures vanquished

Notes
Turn   | Place    | Note
-------+----------+-------------------------------------------
     0 | D:1      | lessens the Demonspawn Fighter began the quest for the Orb.
     0 | D:1      | Reached XP level 1. HP: 18/18 MP: 1/1
    60 | D:1      | Reached skill level 2 in Axes
   180 | D:1      | Gained mutation: A weak demonic guardian rushes to your
                  | aid. [demonic ancestry]
   180 | D:1      | Reached XP level 2. HP: 23/24 MP: 2/2
   366 | D:1      | Reached skill level 3 in Axes
   572 | D:1      | Gained mutation: You regenerate magic rapidly. [demonic
                  | ancestry]
   572 | D:1      | Reached XP level 3. HP: 29/29 MP: 3/3
  1296 | D:2      | Reached XP level 4. HP: 22/35 MP: 4/4
  1309 | D:2      | Reached skill level 4 in Axes
  1640 | D:2      | You fall into a shaft and drop 2 floors!
  1640 | D:4      | Found a staircase to the Ecumenical Temple.
  1648 | Temple   | Entered the Ecumenical Temple
  1670 | Temple   | Became a worshipper of Trog the Wrathful
  1740 | D:4      | Noticed Menkaure
  1745 | D:4      | Slain by Menkaure

Illustrated notes

Levels and vault maps discovered:
D:1:      dpeg_arrival_arbitrary_a, layout_loops_ring, minmay_heptomino_h4
D:2:      layout_loops_ring, basic_altar
D:3:      layout_rooms, nicolae_qazlal_general_emergency,
          hellmonk_ecumenical_altar_the_god_not_taken, minmay_ogre_servants,
          uniq_terence
D:4:      layout_rooms, minmay_temple_entry_stoned_glass, enter_ossuary_3,
          uniq_menkaure
Temple:   nicolae_temple_figure_eight

Skill      XL: |  1  2  3  4 |
---------------+-------------+-----
Axes           | 2 3 4 |  4.2
Fighting       | |  3.0
Armour         | |  2.6
Shields        | |  2.6

Action                     |  1- 3 |  4- 6 || total
---------------------------+-------+-------++-------
  Melee: War axe           |   102 |    41 ||   143
    Use: Potion            |       |     1 ||     1
 Armour: Scale mail        |    39 |    14 ||    53
  Dodge: Dodged            |    35 |    15 ||    50
  Block: Buckler           |    28 |    10 ||    38

Table legend: (Time is in decaauts)
 A = Elapsed time spent in this place.
 B = Non-inter-level travel time spent in this place.
 C = Inter-level travel time spent in this place.
 D = Time resting spent in this place.
 E = Time spent auto-exploring this place.
 F = Levels seen in this place.
 G = Mean time per level.
                   A        B        C        D        E       F      G
               +--------+--------+--------+--------+--------+-----+--------+
         Total |   1798 |   1739 |     59 |     42 |   1316 |   5 |  359.6 |
       Dungeon |   1756 |   1737 |     19 |     42 |   1316 |   4 |  439.0 |
        Temple |     42 |      2 |     40 |      0 |      0 |   1 |   42.0 |
               +--------+--------+--------+--------+--------+-----+--------+

Top non-repeatable levels by time:
     D:1: 931 daAuts
     D:2: 760 daAuts
     D:4: 62 daAuts
  Temple: 42 daAuts
     D:3: 1 daAuts

Levels and vault maps discovered:
D:1:      dpeg_arrival_arbitrary_a, layout_loops_ring, minmay_heptomino_h4
D:2:      layout_loops_ring, basic_altar
D:3:      layout_rooms, nicolae_qazlal_general_emergency,
          hellmonk_ecumenical_altar_the_god_not_taken, minmay_ogre_servants,
          uniq_terence
D:4:      layout_rooms, minmay_temple_entry_stoned_glass, enter_ossuary_3,
          uniq_menkaure
Temple:   nicolae_temple_figure_eight
